 Dungeon Crawl Stone Soup version 0.19.1 (webtiles) character file.

75 Firecrotchwizard the Conjurer (level 4, -2/24 HPs)
             Began as a Deep Elf Conjurer on Dec 9, 2016.
             Killed by divine providence
             ... invoked by an orc priest
              (15 damage)
             ... on level 3 of the Dungeon.
             The game lasted 00:06:41 (2352 turns).

Firecrotchwizard the Conjurer (Deep Elf Conjurer)   Turns: 2352, Time: 00:06:42

Health: -2/24      AC:  2    Str:  5    XL:     4   Next: 11%
Magic:  5/11       EV: 13    Int: 21    God:
Gold:   130        SH:  0    Dex: 15    Spells: 3 memorised, 3 levels left

rFire  . . .     SeeInvis .     m - +2 dagger (venom)
rCold  . . .     Gourm    .     a - +0 robe
rNeg   . . .     Faith    .     (no shield)
rPois  .         Spirit   .     (no helmet)
rElec  .         Reflect  .     (no cloak)
rCorr  .         Harm     .     (no gloves)
MR     .....                    (no boots)
Stlth  ++........               (no amulet)
                                (no ring)
                                (no ring)

@: no status effects
A: no striking features
a: no special abilities


You were on level 3 of the Dungeon.
You were hungry.

You visited 1 branch of the dungeon, and saw 3 of its levels.

You collected 130 gold pieces.

Inventory:

Hand Weapons
 e - a +0 club
 j - a +0 spear
 m - a +2 dagger of venom (weapon)
Armour
 a - a +0 robe (worn)
Scrolls
 d - 4 scrolls of remove curse {unknown}
 f - 2 scrolls of identify {unknown}
 h - a scroll of immolation {unknown}
 l - a scroll of recharging {unknown}
 o - a scroll of magic mapping {unknown}
Potions
 i - a potion of flight {unknown}
 k - a potion of heal wounds {unknown}
Books
 b - a book of Conjurations

   Spells                             Type                      Level
   a - Magic Dart                     Conjuration                  1
   b - Searing Ray                    Conjuration                  2
   c - Dazzling Spray                 Conjuration/Hexes            3
   d - Fulminant Prism                Conjuration/Hexes            4
   e - Iskenderun's Mystic Blast      Conjuration                  4
   f - Iskenderun's Battlesphere      Conjuration/Charms           5
Comestibles
 c - a bread ration
 g - a meat ration
 n - a chunk of flesh


   Skills:
 + Level 3.2 Dodging
 + Level 3.3 Stealth
 + Level 3.6 Spellcasting
 * Level 5.2 Conjurations


You had 3 spell levels left.
You knew the following spells:

 Your Spells              Type           Power        Failure   Level  Hunger
a - Magic Dart            Conj           ####         1%          1    None
b - Searing Ray           Conj           ####..       1%          2    ##.....
c - Iskenderun's Mystic   Conj           ####....     17%         4    ####...


Dungeon Overview and Level Annotations

Branches:
Dungeon (3/15)

Altars:


Message History

Casting: Iskenderun's Mystic Blast
Confirm with . or Enter, or press ? or * to list all spells.
Aiming: Magic Dart
Press: ? - help, Shift-Dir - straight line, f/p - orc priest
Aim: an orc priest, wielding a flail and wearing a leather armour (moderately wounded)
The magic dart hits the orc priest.
The orc priest is moderately wounded.
The orc priest casts a cantrip, but nothing happens.
A bat comes into view.
The bat moves out of view.
A gnoll comes into view.
An orc priest comes into view. It is wielding a dagger of pain.
Your magical contamination has completely faded away.
The orc priest mumbles some strange prayers to Beogh against you.
Beogh smites you!
Ouch! That really hurt!
The orc priest mumbles some strange prayers to Beogh against you.
Beogh smites you!
Ouch! That really hurt!
You die...

###.....................##.#
#................##...##.#
#..........##..........#.#
##+#+#......#....####..#.#
#.#.#(####.#..........#.#
#.#.#.# #.#....#####.#.#
####.#.#.# #.######.....#.#
.####........####.####..<...##.#
.........o..o...@...>.......##.#
.(.##.##.......................#
.. #.##....#####....#.####.####
. #.##....### ####.#.# #.#
#.........# #.#.####.#
.....#......#.# #.#.....##
............#.# #.#####.#
.......##.#.#.# ###.# #.#
....#...#.#.#.# #...#####.#


You could see 2 orc priests.

Vanquished Creatures
  An adder (D:2)
  2 worms (D:2)
  A dart slug (D:1)
  2 leopard geckos
  2 ball pythons (D:1)
  3 giant cockroaches
  2 goblins
  10 hobgoblins
  7 jackals (D:1)
  A quokka (D:3)
  6 bats
  3 frilled lizards (D:1)
  8 kobolds
  2 rats
50 creatures vanquished.

Notes
Turn   | Place    | Note
-------+----------+-------------------------------------------
     0 | D:1      | Firecrotchwizard the Deep Elf Conjurer began the quest for the Orb.
     0 | D:1      | Reached XP level 1. HP: 10/10 MP: 6/6
   116 | D:1      | Reached XP level 2. HP: 15/15 MP: 6/8
   120 | D:1      | Learned a level 2 spell: Searing Ray
   726 | D:1      | Reached XP level 3. HP: 19/19 MP: 7/9
   917 | D:1      | Reached skill level 5 in Conjurations
  1917 | D:2      | Reached XP level 4. HP: 24/24 MP: 7/11
  1954 | D:2      | Learned a level 4 spell: Iskenderun's Mystic Blast
  2211 | D:3      | Found a faded altar of an unknown god.
  2352 | D:3      | Killed from afar by an orc priest

Skill      XL: |  1  2  3 |
---------------+----------+-----
Stealth        | 3 |  3.3
Conjurations   | 5 |  5.2
Dodging        | 3 |  3.2
Spellcasting   | |  3.6

Action                   |  1- 3 |  4- 6 || total
-------------------------+-------+-------++-------
Melee: Spear             |    24 |       ||    24
       Dagger            |       |     3 ||     3
 Cast: Magic Dart        |    93 |    17 ||   110
       Iskenderun's Myst |       |     1 ||     1
  Eat: Chunk             |     2 |     2 ||     4
Armor: Robe              |     6 |       ||     6
Dodge: Dodged            |    14 |     5 ||    19
